Unix NetHack Version 5.0.0-0 post-release - last build May 31 2026 23:59:36 (970b52f25bf058293b47ddfd14a1e40e571c508c,branch:main).

Game began 2026-05-31 22:21:48, ended 2026-06-01 13:34:40.

BatBeefs, chaotic female human Rogue

                         -----
                         |...|              --------    ----------
                         |...|      ########-......|####.........|
                         |...|              |..`....#  #|........|
  ----------------      #.....#            #.......|   #|........|
  |....^.......^.-#######-----#             |......|  ##----.-----
  |..............|            #             ---.-.--  #     #####
  |...<..........|            #                # ######         ##
  |)..._.......`.-#############          ##############          #
  ----------------            #            ##    ##   ##################
                              #    #########     #          -----q-----|---
                              #  --|-------------#         #...q@.........|
                              #  |..............|#      ####|...B%........|
                              #  |..............|#     ##   |..B..........|
                              ###|.>............|#    ##    |.............|
                                #-...............#    #     |.............|
                                 ----------------           ---------------

BatBeefs the Pilferer   St:17 Dx:15 Co:18 In:7 Wi:11 Ch:11  Chaotic
Dlvl:2  $:0  HP:0(106) Pw:32(42) AC:-9 Xp:12 T:18796 

Latest messages:
 The rothe misses!
 The rothe misses!
 The rothe bites!
 The rothe misses!
 The bat misses!
 The bat misses!
 The bat misses!
 The bat bites!
 The rothe hits!
 The rothe misses!
 The rothe misses!
 The bat bites!
 The bat bites!
 The bat misses!
 The bat bites!
 The rothe misses!
 The rothe bites!
 The rothe misses!
 The bat bites!
 The bat bites!
 The bat misses!
 The rothe hits!
 The rothe misses!
 The rothe misses!
 The rothe misses!
 The rothe bites!
 The rothe just misses!
 The bat misses!
 The bat misses!
 The rothe hits!
 The rothe misses!
 The rothe misses!
 The rothe hits!
 The rothe misses!
 The rothe misses!
 The bat misses!
 The bat bites!
 The rothe hits!
 The rothe bites!
 The rothe misses!
 The rothe misses!
 The rothe misses!
 The rothe bites!
 The bat bites!
 You die...
 Do you want your possessions identified? [ynq] (y) y
 Do you want to see your attributes? [ynq] (y) y
 Do you want an account of creatures vanquished? [ynaq] (y) y
 Do you want to see your conduct and achievements? [ynq] (y) y
 Do you want to see the dungeon overview? [ynq] (y) n

Inventory:
 Amulets  ('"')
  s - an uncursed amulet of magical breathing (being worn)
 Weapons  (')')
  r - a poisoned +0 dart
  X - a blessed +2 dagger
  F - 6 blessed +0 daggers (at the ready)
  a - the blessed +1 Grayswandir (wielded in right hand)
  m - a +0 silver saber (wielded in left hand)
  w - the +1 Werebane
 Armor    ('[')
  N - an uncursed rusty +0 dwarvish iron helm (being worn)
  n - an uncursed burnt +0 pair of leather gloves (being worn)
  x - a blessed +1 pair of high boots (being worn)
  l - an uncursed +0 shield of reflection
  S - a blessed greased very burnt +1 leather cloak (being worn)
  G - a blessed +3 gray dragon scale mail (being worn)
 Comestibles  ('%')
  d - 4 uncursed food rations
 Scrolls  ('?')
  g - a blessed scroll of teleportation
 Potions  ('!')
  Z - an uncursed potion of extra healing
 Rings    ('=')
  C - an uncursed ring of conflict
  U - an uncursed +3 ring of gain strength named hidden, town (on left hand)
  p - an uncursed +2 ring of protection (on right hand)
 Wands    ('/')
  B - a wand of digging (0:1)
  j - a wand of light (0:11)
  v - a wand of magic missile (0:5)
  t - a wand of magic missile (0:4)
  z - a wand of slow monster (0:3)
  E - a wand of stasis named wtf (0:3)
  y - a wand of striking (0:5)
  Q - a wand of undead turning named wtf (0:7)
 Tools    ('(')
  h - an uncursed sack containing 14 items
  o - an uncursed blindfold
  O - a can of grease (0:10)
  c - an uncursed lock pick
  u - an uncursed magic whistle
  e - a +0 pick-axe
  I - an uncursed tin opener
 Gems/Stones  ('*')
  A - an uncursed luckstone

Contents of the sack:
  2 uncursed scrolls of earth
  an uncursed scroll of identify
  a blessed scroll of magic mapping
  an uncursed scroll of magic mapping
  3 uncursed scrolls of teleportation
  3 uncursed potions of booze
  2 uncursed potions of sickness
  an uncursed potion of speed
  2 uncursed potions of water
  an uncursed ring of polymorph control
  an uncursed ring of protection from shape changers named tried
  an uncursed worthless piece of black glass
  2 uncursed worthless pieces of blue glass
  an uncursed worthless piece of violet glass

BatBeefs the Rogue's attributes:

Background:
 You were a Pilferer, a level 12 female human Rogue.
 You were chaotic, on a mission for Kos
 who was opposed by Issek (lawful) and Mog (neutral).
 You were right-handed.
 You were in the Dungeons of Doom, on level 2.
 You entered the dungeon 18796 turns ago.
 There was a full moon in effect when your adventure ended.
 You had 20066 experience points, 19934 more were needed to attain level 13.

Basics:
 You had 0 out of 106 hit points.
 You had 32 out of 42 energy points (spell power).
 Your armor class was -9.
 Your wallet was empty.
 Autopickup was off.

Final Characteristics:
 Your strength was 17 (base:14, peak:17, limit:18/100).
 Your dexterity was 15 (peak:16, limit:18).
 Your constitution was 18 (limit:18).
 Your intelligence was 7 (limit:18).
 Your wisdom was 11 (limit:18).
 Your charisma was 11 (limit:18).

Final Status:
 You weren't hungry.
 You were unencumbered.
 You were wielding two weapons at once.
 Your skill in saber was limited by being basic with two weapons.

Final Attributes:
 You were piously aligned.
 You were magic-protected.
 You were cold resistant.
 You were sleep resistant.
 You were poison resistant.
 You resisted hallucinations.
 You were telepathic.
 You had automatic searching.
 You were stealthy.
 You could teleport.
 You could survive without air.
 You had a small defense bonus (+2).
 You were guarded.
 You were lucky.
 You had extra luck.
 Bad luck did not time out for you.
 Good luck did not time out for you.
 You are dead.

Miscellaneous:
 You didn't encounter any bones levels.
 Total elapsed playing time was 7 hours, 3 minutes and 5 seconds.

Major events:
 Turn
    1: BatBeefs the chaotic female human Rogue entered the dungeon
   19: declined to perform genocide
 1064: attained the rank of Cutpurse (level 3)
 1452: entered the Gnomish Mines
 2642: attained the rank of Rogue (level 6)
 3089: made her first wish - "blessed +2 gray dragon scale mail", got "a gray dragon scale mail"
 3174: made her first artifact wish - "blessed +2 Grayswandir", got "a silver saber named Grayswandir"
 4872: reached Mine Town
 7253: attained the rank of Pilferer (level 10)
10996: acquired the Mines' End luckstone
13823: entered Sokoban
14227: completed 1st Sokoban level
18516: was bestowed with Werebane by Kos
18796: killed by a bat, while frozen by a floating eye's gaze

You didn't know any spells.

Skills:
 Fighting Skills
   bare handed combat [Unskilled]
   two weapon combat  [Basic]
   riding             [Unskilled]
 Weapon Skills
   dagger             [Skilled]
   knife              [Unskilled]
   short sword        [Basic]
   broadsword         [Unskilled]
   long sword         [Unskilled]
   two-handed sword   [Unskilled]
   saber              [Skilled]
   club               [Unskilled]
   mace               [Unskilled]
   morning star       [Unskilled]
   flail              [Unskilled]
   hammer             [Unskilled]
   polearms           [Unskilled]
   spear              [Unskilled]
   crossbow           [Unskilled]
   dart               [Unskilled]
   shuriken           [Unskilled]
 Spellcasting Skills
   divination spells  [Unskilled]
   escape spells      [Unskilled]
   matter spells      [Unskilled]

Voluntary challenges:
 Character rerolling was not enabled.
 You never genocided any monsters.
 You never polymorphed an object.
 You used 2 wishes (1 for an artifact).
 You violated the special Sokoban rules once.
Achievements:
 You attained the rank of Cutpurse.
 You entered the Gnomish Mines.
 You attained the rank of Rogue.
 You entered a shop.
 You entered Minetown.
 You entered a temple.
 You attained the rank of Pilferer.
 You completed the Gnomish Mines.
 You entered Sokoban.

 The Dungeons of Doom: levels 1 to 9
    Level 1:
       A fountain.
    Level 2: <- You were here.
       An altar to Kos.
       Final resting place for
          you, killed by a bat, while frozen by a floating eye's gaze.
    Level 3:
       An altar, a fountain.
    Level 4:
       Stairs down to The Gnomish Mines.
    Level 5: "throne room (!!)"
    Level 6: "shoppe, vault"
       A general store.
    Level 7: "shoppe"
       A weapon shop.
    Level 8:
    Level 9:
       Stairs up to Sokoban, level 8.
 The Gnomish Mines: levels 5 to 13
    Level 5:
    Level 6:
    Level 7:
    Level 8:
       Many shops, a temple and an altar, many fountains.
    Level 9:
    Level 10:
    Level 11:
    Level 12:
    Level 13:
 Sokoban: levels 8 up to 7
    Level 7:
       Unsolved.
    Level 8:
       Solved.


Vanquished creatures:
  a flesh golem
  2 large mimics
  a stalker
 an air elemental
  a fire elemental
  a water elemental
  a sergeant
  4 wargs
  3 small mimics
  a xan
  a quantum mechanic
  2 trolls
  a wood golem
  a pyrolisk
  2 large dogs
  a large cat
  2 tigers
  2 dwarf rulers
  a tengu
 an energy vortex
  a mountain centaur
  2 elf mummies
  a red naga
  3 pythons
  a pit viper
  2 wraiths
  2 carnivorous apes
  3 leather golems
  2 watchmen
 an amorous demon
  2 chameleons
  2 crocodiles
  a giant beetle
  2 quivering blobs
  a cockatrice
  a wolf
  4 winter wolf cubs
  a lynx
  4 leprechauns
  2 orc-captains
  5 iron piercers
  a mumak
  4 giant spiders
  a scorpion
  4 horses
 an ice vortex
  a black light
  a vampire bat
  a forest centaur
  4 gnome rulers
 an orc mummy
  2 rust monsters
 an owlbear
  a yeti
  a werewolf
  a Green-elf
  a lizard
  a dingo
  2 dogs
  a housecat
  3 jaguars
  2 dwarf leaders
  a dust vortex
  a raven
  3 plains centaurs
  2 snakes
  2 apes
  7 human zombies
  2 rope golems
  2 Woodland-elves
  2 fire ants
  9 bugbears
 an imp
  a quasit
  3 wood nymphs
  a water nymph
  a mountain nymph
  6 Uruk-hai
  a rock piercer
  2 rock moles
  a pony
  4 fog clouds
  7 yellow lights
  2 shriekers
  3 violet fungi
 19 gnome leaders
  7 gnomish wizards
  a kobold mummy
  a golden naga hatchling
  2 gray oozes
 an elf zombie
  a straw golem
  a paper golem
  2 giant ants
  4 floating eyes
  a kitten
 19 dwarves
  a homunculus
  4 kobold leaders
  5 hill orcs
 10 rothes
  3 rabid rats
  3 giant bats
  a monkey
  3 dwarf zombies
  a wererat
  a werejackal
  7 iguanas
 21 killer bees
  2 acid blobs
  a coyote
  2 gas spores
  8 hobbits
 11 manes
  2 large kobolds
 12 hobgoblins
 10 giant rats
  6 cave spiders
  2 yellow molds
  2 green molds
  2 red molds
 79 gnomes
  2 gnome zombies
  6 geckos
  8 jackals
  a fox
  5 goblins
  4 sewer rats
  6 grid bugs
  2 bats
  3 lichens
  8 newts
475 creatures vanquished.

No species were genocided or became extinct.

Game over:
                       ----------
                      /          \
                     /    REST    \
                    /      IN      \
                   /     PEACE      \
                  /                  \
                  |     BatBeefs     |
                  |       0 Au       |
                  | killed by a bat  |
                  |                  |
                  |                  |
                  |                  |
                  |       2026       |
                 *|     *  *  *      | *
        _________)/\\_//(\/(/\)/\//\/|_)_______

Goodbye BatBeefs the Rogue...

You died in The Dungeons of Doom on dungeon level 2 with 38874 points,
and 0 pieces of gold, after 18796 moves.
You were level 12 with a maximum of 106 hit points when you died.

